 Dungeon Crawl Stone Soup version 0.30-a0-377-g5cb311bc9f (webtiles) character file.

Game seed: 9718566681392212371

138 retardedninja the Trooper (level 5, -3/47 HPs)
             Began as a Hill Orc Fighter on Nov 30, 2022.
             Killed from afar by Terence (7 damage)
             ... with a bolt of light
             ... on level 3 of the Dungeon.
             The game lasted 00:01:52 (1552 turns).

retardedninja the Trooper (Hill Orc Fighter)        Turns: 1552, Time: 00:01:52

Health: -3/47      AC:  7    Str: 21    XL:     5   Next: 21%
Magic:  5/5        EV:  9    Int:  8    God:
Gold:   103        SH:  0    Dex: 10    Spells: 4/4 levels left

rFire   . . .      SeeInvis .    a - +0 war axe
rCold   . . .      Faith    .    c - +0 buckler
rNeg    . . .      Spirit   .    b - +0 scale mail
rPois   .          Reflect  .    (no helmet)
rElec   .          Harm     .    (no cloak)
rCorr   .          Rampage  .    (no gloves)
Will    .....                    (no boots)
Stlth   ..........               (no amulet)
HPRegen 0.27/turn                (no ring)
MPRegen 0.09/turn                (no ring)

@: confused, mighty
A: no striking features
a: no special abilities


You were on level 3 of the Dungeon.
You visited 1 branch of the dungeon, and saw 3 of its levels.

You collected 103 gold pieces.

Inventory:

Hand Weapons
 a - a +0 war axe (weapon)
Armour
 b - a +0 scale mail (worn)
 c - a +0 buckler (worn)
Scrolls
 e - 3 scrolls of identify {unknown}
 g - a scroll of butterflies {unknown}
 j - a scroll of blinking {unknown}
 k - a scroll of noise {unknown}
Potions
 f - a potion of brilliance {unknown}
 h - a potion of invisibility {unknown}
 i - a potion of haste {unknown}
 l - 2 potions of heal wounds {unknown}


   Skills:
 + Level 4.6 Fighting
 + Level 4.1 Axes
 + Level 4.2 Armour
 + Level 4.2 Shields


You had 4 spell levels left.
You didn't know any spells.
Your spell library contained the following spells:

 Spells                   Type           Power      Damage    Failure   Level
 Ensorcelled Hibernation  Hex/Ice        0%         N/A       92%         2
 Passwall                 Tmut/Erth      0%         N/A       92%         2
 Dazzling Flash           Conj/Hex       0%         N/A       99%         3
 Swiftness                Air            0%         N/A       99%         3
 Iskenderun's Mystic Bla  Conj/Tloc      0%         2d3       100%        4
 Starburst                Conj/Fire      0%         6d3       100%        6


Dungeon Overview and Level Annotations

Branches:
Dungeon (3/15)

Altars:
Xom

Annotations:
D:3 Terence


Message History

Terence is nearby!
Found a scroll labelled ZEOCLA FICU.
You see here a viscous silvery potion.
Terence zaps a wand.
The bolt of light hits you!!
A bat comes into view.
You slash Terence!
Terence is heavily wounded.
Terence hits you with a +0 flail. The bat hits you but does no damage.
A dart slug comes into view.
Terence hits you with a +0 flail.
You are too injured to fight recklessly!
You are too injured to fight recklessly!
You are too injured to fight recklessly!
You are too injured to fight recklessly!
You are too injured to fight recklessly!
You are too injured to fight recklessly!
You are too injured to fight recklessly!
You are too injured to fight recklessly!
You are too injured to fight recklessly!
You are too injured to fight recklessly!
You feel mightier all of a sudden. The bat hits you but does no damage.
You block Terence's attack.
You hit Terence.
Terence is severely wounded.
The bat barely misses you. Terence barely misses you.
The bat barely misses you.
You completely miss Terence.
Terence is heavily wounded.
You barely miss the bat. The bat closely misses you.
Terence zaps a wand.
The bolt of light hits you!
You are confused.
* * * LOW HITPOINT WARNING * * *
You're too confused to move!
The bat hits you but does no damage. Terence screams, "I want your blood!"
Terence barely misses you.
You closely miss Terence.
Terence is heavily wounded.
The bat barely misses you. Terence barely misses you.
Terence zaps a wand.
The bolt of light hits you!
You die...

#.........#..
#........... ......
#.....?....### #....#
#........>....# #....#
#.....w...###.###....#
#.....b.....#..##....#
#.....@........##....#
#.....@....^.^.##....#
#..........^_^..#....##
#######.!..^^^........#
#.#......†......#
####+##.............
............#..####.
............##+# #.
......†......... #.
................ ##


You could see Terence, a dart slug and a bat.

Vanquished Creatures
  A necrophage (D:3)
  2 adders
  3 worms (D:2)
  An orc (D:3)
  5 bats
  An endoplasm (D:2)
  5 giant cockroaches
  5 goblins
  5 hobgoblins
  4 kobolds
  4 quokkas
  7 ball pythons
  4 frilled lizards
  3 rats
50 creatures vanquished.

Notes
Turn   | Place    | Note
-------+----------+-------------------------------------------
     0 | D:1      | retardedninja the Hill Orc Fighter began the quest for the
                  | Orb.
     0 | D:1      | Reached XP level 1. HP: 19/19 MP: 1/1
    50 | D:1      | Reached XP level 2. HP: 24/27 MP: 2/2
   503 | D:2      | Reached XP level 3. HP: 33/33 MP: 3/3
   749 | D:2      | Identified the +6 flail of Conformity {venom, rPois SInv}
  1017 | D:2      | Reached XP level 4. HP: 30/40 MP: 4/4
  1503 | D:3      | Found a shimmering altar of Xom.
  1504 | D:3      | Noticed a necrophage
  1510 | D:3      | Killed a necrophage
  1511 | D:3      | Reached XP level 5. HP: 43/47 MP: 5/5
  1543 | D:3      | Noticed Terence
  1552 | D:3      | Killed from afar by Terence

Illustrated notes

Levels and vault maps discovered:
D:1:      lightli_iron_boxes, layout_basic
D:2:      layout_loops_cross, nrook_uturn
D:3:      layout_basic, mainiacjoe_overflow_alcove_4, zin_academy,
          xom_teletrap_fun, uniq_terence, uniq_grinder

Skill      XL: |  1  2  3  4 |
---------------+-------------+-----
Axes           | 3 4 |  4.1
Fighting       | 4 |  4.6
Armour         | 4 |  4.2
Shields        | 4 |  4.2

Action                   |  1- 3 |  4- 6 || total
-------------------------+-------+-------++-------
Melee: War axe           |   117 |    42 ||   159
  Use: Potion            |       |     2 ||     2
Armor: Scale mail        |    70 |    13 ||    83
Dodge: Dodged            |    62 |    23 ||    85
Block: Buckler           |    30 |     6 ||    36

Table legend: (Time is in decaauts)
 A = Elapsed time spent in this place.
 B = Non-inter-level travel time spent in this place.
 C = Inter-level travel time spent in this place.
 D = Time resting spent in this place.
 E = Time spent auto-exploring this place.
 F = Levels seen in this place.
 G = Mean time per level.
                   A        B        C        D        E       F      G
               +--------+--------+--------+--------+--------+-----+--------+
         Total |   1611 |   1559 |     52 |      0 |   1170 |   3 |  537.0 |
       Dungeon |   1611 |   1559 |     52 |      0 |   1170 |   3 |  537.0 |
               +--------+--------+--------+--------+--------+-----+--------+

Top non-repeatable levels by time:
     D:2: 852 daAuts
     D:1: 450 daAuts
     D:3: 308 daAuts
